 Dungeon Crawl Stone Soup version 0.24.0-123-gd5b16e6ec5 (webtiles) character file.

Game seed: 13719140660377255877, levelgen mode: deterministic

183 mortelune the Charmwright (level 5, -2/41 HPs)
             Began as a Merfolk Skald on Feb 1, 2020.
             Slain by a hound (5 damage)
             ... on level 3 of the Dungeon.
             The game lasted 00:08:25 (4264 turns).

mortelune the Charmwright (Merfolk Skald)           Turns: 4264, Time: 00:08:26

Health: -2/41      AC:  4    Str: 11    XL:     5   Next: 62%
Magic:  5/9        EV: 12    Int: 13    God:
Gold:   140        SH:  0    Dex: 14    Spells: 3/9 levels left

rFire    . . .     SeeInvis .   a - +0 spear
rCold    . . .     Gourm    .   (no shield)
rNeg     . . .     Faith    .   b - +0 leather armour
rPois    .         Spirit   .   n - +0 helmet
rElec    .         Reflect  .   (no cloak)
rCorr    .         Harm     .   (no gloves)
MR       .....                  (no boots)
Stlth    +.........             (no amulet)
HPRegen  0.13/turn              (no ring)
MPRegen  0.11/turn              (no ring)

@: no status effects
A: change form in water, swift swim, stealthy swim
a: no special abilities


You were on level 3 of the Dungeon.
You were hungry.

You visited 1 branch of the dungeon, and saw 4 of its levels.

You collected 140 gold pieces.

Inventory:

Hand Weapons
 a - a +0 spear (weapon)
Missiles
 m - 5 javelins (quivered)
Armour
 b - a +0 leather armour (worn)
 n - a +0 helmet (worn)
Jewellery
 k - a +1 ring of protection {unknown}
Wands
 p - a wand of flame (10)
Scrolls
 c - 3 scrolls of remove curse {unknown}
 e - a scroll of immolation {unknown}
 h - 5 scrolls of identify {unknown}
 i - a scroll of blinking {unknown}
 o - a scroll of noise {unknown}
Potions
 f - a potion of invisibility {unknown}
 g - 2 potions of mutation {unknown}
 j - 2 potions of might {unknown}
 l - 2 potions of berserk rage {unknown}
 q - a potion of lignification {unknown}
Comestibles
 d - 9 rations
 r - a chunk of flesh


   Skills:
 + Level 3.4 Fighting
 + Level 4.4 Polearms
 - Level 0.6 Armour
 - Level 2.6 Dodging
 + Level 2.9 Spellcasting
 * Level 4.9 Charms


You had 3 spell levels left.
You knew the following spells:

 Your Spells              Type           Power        Failure   Level  Hunger
a - Infusion              Chrm           ##..         4%          1    #......
b - Song of Slaying       Chrm           ##......     6%          2    ###....
c - Spectral Weapon       Hex/Chrm       #.......     32%         3    ###....

Your spell library contained the following spells:

 Spells                   Type           Power        Failure   Level  Hunger
 Shroud of Golubria       Chrm/Tloc      #.....       17%         2    ###....
 Regeneration             Chrm/Necr      #.........   32%         3    ###....


Dungeon Overview and Level Annotations

Branches:
Dungeon (4/15)
 Temple: D:4-7

Altars:
Nemelex Xobeh
Qazlal
Zin


Message History

* * * LOW HITPOINT WARNING * * *
Your leather armour prevents you from hitting the hound.
The hound is severely wounded.
The hound bites you.
* * * LOW HITPOINT WARNING * * *
The hound bites you but does no damage.
You hit the hound.
The hound is almost dead.
The hound barely misses you.
You barely miss the hound.
The hound is almost dead.
The hound bites you.
* * * LOW HITPOINT WARNING * * *
You hit the hound but do no damage.
The hound is almost dead.
The hound bites you but does no damage. x2
You miss the hound.
The hound is almost dead.
The hound bites you.
You die...

##.#.#.#.#.#..##.#......##.......
##.#...#.#.......+......##.......
##.#####.####.##+#......##.......
##....##...##....................
.####.##.........................
.# #.##.....................####
.# #..'......#..............#
.#######......#..h...........#
.......##+##)##.@............#
######.#..((.................#
.......#####.#...............#
.#.....# #.................#
.#####.########.....(........#
###....#......'..............#
#####.##.######..............#
....#.##.#### #..............#
###.#.##....# ################


You could see a hound.

Vanquished Creatures
  Terence (D:3)
  6 adders
  5 oozes
  3 dart slugs (D:1)
  3 leopard geckos
  12 bats
  4 giant cockroaches
  9 goblins
  6 hobgoblins
  4 jackals
  A quokka (D:2)
  A ball python (D:1)
  2 frilled lizards (D:1)
  9 kobolds
  9 rats
75 creatures vanquished.

Notes
Turn   | Place    | Note
-------+----------+-------------------------------------------
     0 | D:1      | mortelune the Merfolk Skald began the quest for the Orb.
     0 | D:1      | Reached XP level 1. HP: 16/16 MP: 3/3
   196 | D:1      | Reached XP level 2. HP: 23/23 MP: 5/5
   209 | D:1      | Learned a level 2 spell: Song of Slaying
   504 | D:1      | Reached XP level 3. HP: 15/28 MP: 0/6
  1396 | D:2      | Learned a level 3 spell: Spectral Weapon
  1592 | D:2      | Reached XP level 4. HP: 27/34 MP: 0/7
  1701 | D:2      | Found a glowing silver altar of Zin.
  1904 | D:2      | Found a sparkling altar of Nemelex Xobeh.
  2516 | D:3      | Noticed Terence
  2983 | D:3      | Noticed a fire elemental
  2985 | D:3      | Found a stormy altar of Qazlal.
  2986 | D:3      | Noticed an air elemental
  2986 | D:3      | Noticed a water elemental
  2986 | D:3      | Noticed an earth elemental
  3338 | D:3      | Reached XP level 5. HP: 22/41 MP: 5/9
  3837 | D:3      | Killed Terence
  4264 | D:3      | Slain by a hound

Levels and vault maps discovered:
D:1:      denvon_arrival_hothouse, layout_basic
D:2:      layout_basic, nicolae_overflow_crystal_walls,
          nemelex_xobeh_ov_fountains_minmay
D:3:      minmay_chambers_of_twos, layout_basic,
          nicolae_qazlal_style_of_elements, uniq_terence
D:4:      layout_loops_cross, kb_xom_exploding_sheep, fedhas_altar_3

Skill      XL: |  1  2  3  4 |
---------------+-------------+-----
Charms         | 4 |  4.9
Fighting       | 3 |  3.4
Polearms       | 4 |  4.4
Armour         | |  0.6
Dodging        | |  2.6
Spellcasting   | |  2.9

Action                   |  1- 3 |  4- 6 || total
-------------------------+-------+-------++-------
Melee: Spear             |   119 |   165 ||   284
 Cast: Infusion          |    14 |    10 ||    24
       Song of Slaying   |     5 |     6 ||    11
       Spectral Weapon   |     1 |     2 ||     3
  Eat: Chunk             |     3 |     9 ||    12
Armor: Leather armour    |    36 |    71 ||   107
Dodge: Dodged            |    95 |   136 ||   231
